 Dungeon Crawl Stone Soup version 0.26.0-45-g9c1d065592 (webtiles) character file.

Game seed: 13210787658205074577

70 sahdkjhfkaj the Sneak (level 4, -1/30 HPs)
             Began as a Halfling Delver on Jan 28, 2021.
             Was a Follower of Cheibriados.
             Killed from afar by an orc wizard (11 damage)
             ... with a puff of frost
             ... on level 3 of the Dungeon.
             The game lasted 00:02:53 (2350 turns).

sahdkjhfkaj the Sneak (Halfling Delver)             Turns: 2350, Time: 00:02:54

Health: -1/30      AC: 10    Str: 14 (16) XL:     4   Next: 45%
Magic:  4/4        EV:  9    Int: 10 (12) God:    Cheibriados [*.....]
Gold:   89         SH:  0    Dex: 17 (18) Spells: 3/3 levels left

rFire    . . .     SeeInvis .   a - +0 short sword
rCold    . . .     Faith    .   (shield restricted)
rNeg     . . .     Spirit   .   l - +0 storm dragon scales
rPois    .         Reflect  .   (no helmet)
rElec    +         Harm     .   (no cloak)
rCorr    .         Rampage  .   (no gloves)
Will     .....                  (no boots)
Stlth    ..........             (no amulet)
HPRegen  0.10/turn              (no ring)
MPRegen  0.09/turn              (no ring)

@: very slow
A: small, mutation resistance 1
a: Renounce Religion, Bend Time


You were on level 3 of the Dungeon.
You worshipped Cheibriados.
Cheibriados was aware of your devotion.
You visited 1 branch of the dungeon, and saw 5 of its levels.

You collected 89 gold pieces.

Inventory:

Hand Weapons
 a - a +0 short sword (weapon)
Armour
 l - +0 storm dragon scales (worn)
Jewellery
 f - an uncursed amulet of magic regeneration {unknown}
Wands
 d - a wand of iceblast (7)
 F - a wand of digging (3)
Scrolls
 b - a scroll of remove curse {unknown}
 c - a scroll of fog
 e - 2 scrolls of fear
 g - a scroll of immolation {unknown}
 h - a scroll of enchant armour {unknown}
 i - 2 scrolls of identify {unknown}
 j - 4 scrolls of blinking {unknown}
 k - a scroll of enchant weapon {unknown}
Potions
 m - a potion of mutation {unknown}


   Skills:
 - Level 2.6 Fighting
 - Level 2.4 Short Blades
 - Level 2.1 Dodging
 - Level 5.4 Stealth
 + Level 3.7 Evocations


You had 3 spell levels left.
You didn't know any spells.
Your spell library was empty.

Dungeon Overview and Level Annotations

Branches:
Dungeon (5/15)
 Temple: D:4-7

Altars:
Cheibriados
Dithmenos


Innate Abilities, Weirdness & Mutations

You are small and have problems with some larger weapons.
You are somewhat resistant to further mutation.


Message History

The orc wizard hits you but does no damage.
The orc barely misses you.
You barely miss the orc.
The orc is heavily wounded.
The orc wizard hits you but does no damage.
The orc misses you.
The orc wizard gestures at you while chanting.
The puff of flame hits you.
Unknown command.
You hit the orc wizard.
The orc wizard is lightly wounded.
The orc wizard casts a spell at you. The puff of frost hits you!
The orc hits you but does no damage.
You hit the orc wizard.
The orc wizard is lightly wounded.
The orc wizard hits you but does no damage.
The orc hits you but does no damage. The orc wizard casts a spell at you.
The puff of frost hits you!
You die...

...... ..... # ..... #.
#g.o #..#.... #......#####
##..........#
............######
............ogoo@#
...........####o##
#.#..........<...# #
#.>#...........########
##.#................).#
.####.#...........######.#
.#........###....## #.#
.(........######.#######.#
.............# #.........#


You could see an orc wizard (fast), 3 orcs and a goblin.

Vanquished Creatures
  2 adders (D:2)
  An ooze (D:1)
  10 bats
  6 giant cockroaches
  7 goblins
  4 jackals (D:1)
  3 ball pythons
  4 frilled lizards
  5 kobolds
  2 rats (D:1)
44 creatures vanquished.

Notes
Turn   | Place    | Note
-------+----------+-------------------------------------------
     0 | D:5      | sahdkjhfkaj the Halfling Delver began the quest for the
                  | Orb.
     0 | D:5      | Reached XP level 1. HP: 15/15 MP: 1/1
    12 | D:4      | Noticed a worker ant
   194 | D:2      | Reached skill level 1 in Evocations
   263 | D:2      | Reached XP level 2. HP: 20/20 MP: 2/2
   268 | D:2      | Found a snail-covered altar of Cheibriados.
   279 | D:2      | Became a worshipper of Cheibriados the Contemplative
   350 | D:2      | Reached XP level 3. HP: 5/25 MP: 3/3
   718 | D:2      | Found a shadowy altar of Dithmenos.
  1622 | D:1      | Reached * piety under Cheibriados
  1623 | D:1      | Reached XP level 4. HP: 30/30 MP: 4/4
  2350 | D:3      | Killed from afar by an orc wizard

Illustrated notes

Levels and vault maps discovered:
D:1:      grunt_arrival_lava_bath, layout_basic
D:2:      layout_basic, lemuel_doored_altar, cheibriados_altar_1
D:3:      lemuel_castle_with_subvaults [lemuel_castle_interior_original],
          layout_basic, portal_sewer_entry_d, minmay_misc_feat_tiny,
          hangedman_feature_mirror, uniq_terence
D:4:      layout_rooms, kiku_gazebo_garden_becter, uniq_crazy_yiuf_cottage,
          uniq_edmund, uniq_blork_the_orc
D:5:      layout_loops_ring

Skill      XL: |  1  2  3 |
---------------+----------+-----
Evocations     | 2 3 |  3.7
Fighting       | |  2.6
Short Blades   | |  2.4
Dodging        | |  2.1
Stealth        | |  5.4

Action                   |  1- 3 |  4- 6 || total
-------------------------+-------+-------++-------
Melee: Short sword       |   100 |    92 ||   192
  Use: Scroll            |     1 |       ||     1
       Potion            |     1 |       ||     1
 Stab: Sleeping          |     5 |       ||     5
Armor: Leather armour    |    17 |       ||    17
       Storm dragon scal |    32 |    94 ||   126
Dodge: Dodged            |    56 |    50 ||   106
